 Dungeon Crawl Stone Soup version 0.19.0-18-g426998a (webtiles) character file.

1808 dysrexia the Martial Artist (level 8, -5/58 HPs)
             Began as a Demigod Transmuter on Nov 11, 2016.
             Slain by a killer bee (7 damage)
             ... on level 6 of the Dungeon.
             The game lasted 00:20:37 (6741 turns).

dysrexia the Martial Artist (Demigod Transmuter)    Turns: 6741, Time: 00:20:40

Health: -5/58      AC: 10    Str: 15    XL:     8   Next: 54%
Magic:  9/13       EV: 11    Int: 17    God:
Gold:   179        SH:  0    Dex: 18    Spells: 3 memorised, 2 levels left

rFire  + . .     SeeInvis .       - Unarmed
rCold  + . .     Gourm    .     h - +0 ring mail
rNeg   . . .     Faith    .     (no shield)
rPois  +         Spirit   .     u - +1 helmet
rElec  +         Reflect  .     (no cloak)
rCorr  +         Harm     .     i - +2 pair of gloves
MR     +....                    (boots currently unavailable)
Stlth  +.........               (no amulet)
                                n - ring of protection from magic
                                G - ring of wizardry

@: lethally poisoned (-5 -> -29), appendage, resistant
A: talons 3, high mp 1
a: End Transformation


You were on level 6 of the Dungeon.
You were hungry.
You had grown temporary talons.
You visited 1 branch of the dungeon, and saw 6 of its levels.

You collected 179 gold pieces.

Inventory:

Missiles
 a - 46 arrows
 e - 17 stones (quivered)
 q - 23 poisoned needles
 H - 7 curare-tipped needles
Armour
 h - a +0 ring mail (worn)
 i - a +2 pair of gloves (worn)
 u - a +1 helmet (worn)
Jewellery
 n - a ring of protection from magic (right hand)
 G - a ring of wizardry (left hand)
 J - an uncursed ring of magical power
Wands
 F - a wand of teleportation (1/9)
 I - a wand of disintegration (17/24)
Scrolls
 g - 2 scrolls of fear
 j - 7 scrolls of enchant weapon
 m - a scroll of fog
 p - 2 scrolls of remove curse
 x - a scroll of teleportation
 y - 4 scrolls of identify
Potions
 l - 3 potions of invisibility
 r - a potion of flight
 t - a potion of lignification
 v - a potion of resistance
 z - 2 potions of brilliance {unknown}
 B - 2 potions of curing {unknown}
 C - a potion of haste {unknown}
 D - 2 potions of agility {unknown}
Books
 b - a book of Flames

   Spells                             Type                      Level
   a - Flame Tongue                   Conjuration/Fire             1
   b - Throw Flame                    Conjuration/Fire             2
   c - Conjure Flame                  Conjuration/Fire             3
   d - Inner Flame                    Hexes/Fire                   3
   e - Sticky Flame                   Conjuration/Fire             4
   f - Fireball                       Conjuration/Fire             5
 c - a book of Changes

   Spells                             Type                      Level
   a - Beastly Appendage              Transmutation                1
   b - Sticks to Snakes               Transmutation                2
   c - Spider Form                    Transmutation/Poison         3
   d - Ice Form                       Ice/Transmutation            4
   e - Blade Hands                    Transmutation                5
 f - a book of Air

   Spells                             Type                      Level
   a - Shock                          Conjuration/Air              1
   b - Swiftness                      Charms/Air                   2
   c - Repel Missiles                 Charms/Air                   2
   d - Static Discharge               Conjuration/Air              3
   e - Lightning Bolt                 Conjuration/Air              5
 s - a book of Minor Magic

   Spells                             Type                      Level
   a - Magic Dart                     Conjuration                  1
   b - Blink                          Translocation                2
   c - Call Imp                       Summoning                    2
   d - Repel Missiles                 Charms/Air                   2
   e - Slow                           Hexes                        2
   f - Conjure Flame                  Conjuration/Fire             3
   g - Mephitic Cloud                 Conjuration/Poison/Air       3
Comestibles
 d - 6 bread rations
 k - 8 chunks of flesh
 o - 3 slices of pizza
 A - 3 meat rations


   Skills:
 - Level 0.8 Fighting
 - Level 1.7 Dodging
 * Level 9.1 Unarmed Combat
 - Level 1.7 Spellcasting
 + Level 6.2 Transmutations


You had 2 spell levels left.
You knew the following spells:

 Your Spells              Type           Power        Failure   Level  Hunger
a - Beastly Appendage     Tmut           ###...       1%          1    #......
b - Sticks to Snakes      Tmut           ###.....     2%          2    ###....
c - Blade Hands           Tmut           ###.......   52%         5    ######.


Dungeon Overview and Level Annotations

Branches:
Dungeon (6/15)             Temple (0/1) D:5


Innate Abilities, Weirdness & Mutations

You have an increased reservoir of magic. (+10% MP)
You have claws for feet.


Message History

You punch the killer bee!
You kill the killer bee!
* * * LOW HITPOINT WARNING * * *
You feel sick.
The killer bee stings you but does no damage. x2
The killer bee stings you.
* * * LOW HITPOINT WARNING * * *
You are more poisoned.
The killer bee poisons you!
Your ball python closely misses the killer bee.
Your ball python constricts the killer bee.
You are too injured to fight recklessly!
It was a potion of resistance.
You feel protected.
* * * LOW HITPOINT WARNING * * *
You feel very sick. The killer bee barely misses you.
The killer bee stings you!
* * * LOW HITPOINT WARNING * * *
The killer bee stings you!
You die...

#### ......#######...
..... #.....#... ....
#.....#... ...
#.....+.## ######.<
#.....#.#. #...S<.
#.......#. #....y#
##.......#. #...y@#
#......+.#. #.....#
##.....#.## #.....#
#.......## #.....#
#.......#.
#.....#######.....#...
#.....#....#......+...
#.....#....#......#...
#.....#....#......#...
#.....#....##.....#...


You could see 2 killer bees and a friendly ball python.

Vanquished Creatures
  Pikel (D:5)
  The ghost of dysrexia the Cutter, an amateur SpMo (D:4)
  Sigmund (D:4)
  Menkaure (D:5)
  A slave (D:5)
  A sky beast (D:6)
  3 ogres
  A bullfrog (D:6)
  A killer bee (D:6)
  A howler monkey (D:4)
  A crimson imp (D:5)
  2 hounds (D:4)
  A centaur zombie (D:5)
  2 orc priests
  2 iguanas
  An orc wizard (D:3)
  A worker ant (D:6)
  A hound skeleton (D:4)
  Robin (D:2)
  A howler monkey zombie (D:6)
  2 gnolls (D:1)
  8 adders
  An ooze (D:4)
  An adder zombie (D:3)
  3 adder skeletons
  A worm (D:2)
  5 dart slugs
  2 leopard geckos
  8 orcs
  18 goblins
  10 hobgoblins
  6 jackals
  4 quokkas
  A ball python (D:1)
  9 bats
  5 frilled lizards
  10 kobolds
  A leopard gecko skeleton (D:4)
  8 rats
128 creatures vanquished.

Vanquished Creatures (collateral kills)
  A slave (D:5)
  An orc (D:5)
2 creatures vanquished.

Grand Total: 130 creatures vanquished

Notes
Turn   | Place    | Note
-------+----------+-------------------------------------------
     0 | D:1      | dysrexia the Demigod Transmuter began the quest for the Orb.
     0 | D:1      | Reached XP level 1. HP: 15/15 MP: 5/5
   108 | D:1      | Reached skill level 3 in Unarmed Combat
   122 | D:1      | Reached XP level 2. HP: 7/22 MP: 5/7
   703 | D:1      | Reached XP level 3. HP: 27/27 MP: 5/8
  1520 | D:2      | Learned a level 2 spell: Sticks to Snakes
  1544 | D:2      | Reached skill level 4 in Unarmed Combat
  1803 | D:2      | Reached XP level 4. HP: 34/34 MP: 9/9
  1931 | D:2      | Noticed Robin
  2295 | D:2      | Killed Robin
  2601 | D:3      | Reached XP level 5. HP: 9/39 MP: 8/10
  2627 | D:3      | HP: 1/39 [something (4)]
  2641 | D:3      | Reached skill level 5 in Unarmed Combat
  3739 | D:4      | Noticed an ogre
  3747 | D:4      | Killed an ogre
  3747 | D:4      | Reached XP level 6. HP: 22/46 MP: 11/11
  3855 | D:4      | Noticed dysrexia's ghost (amateur SpMo)
  3888 | D:4      | Killed dysrexia's ghost
  3888 | D:4      | Reached skill level 6 in Unarmed Combat
  4239 | D:4      | Noticed Sigmund
  4267 | D:4      | Killed Sigmund
  4267 | D:4      | Reached XP level 7. HP: 41/51 MP: 8/12
  4429 | D:4      | Found a sparkling altar of Nemelex Xobeh.
  4674 | D:4      | Reached skill level 7 in Unarmed Combat
  4763 | D:5      | Entered Level 5 of the Dungeon
  4821 | D:5      | Reached skill level 5 in Transmutations
  4841 | D:5      | Learned a level 5 spell: Blade Hands
  5011 | D:5      | Found a staircase to the Ecumenical Temple.
  5309 | D:5      | Noticed Pikel
  5379 | D:5      | Killed Pikel
  5379 | D:5      | Reached skill level 8 in Unarmed Combat
  5379 | D:5      | Reached XP level 8. HP: 39/58 MP: 6/13
  5567 | D:5      | Noticed Menkaure
  5583 | D:5      | HP: 1/58 [Menkaure (14)]
  5585 | D:5      | Killed Menkaure
  6299 | D:6      | Found an ancient bone altar of Kikubaaqudgha.
  6409 | D:6      | Found a stormy altar of Qazlal.
  6714 | D:6      | Reached skill level 9 in Unarmed Combat
  6741 | D:6      | HP: 2/58 [killer bee (7)]
  6741 | D:6      | Slain by a killer bee

Skill      XL: |  1  2  3  4  5  6  7  8 |
---------------+-------------------------+-----
Transmutations | 2 3 4 5 6 |  6.2
Unarmed Combat | 3 4 5 6 8 9 |  9.1
Fighting       | |  0.8
Dodging        | |  1.7
Spellcasting   | |  1.7

Action                   |  1- 3 |  4- 6 |  7- 9 || total
-------------------------+-------+-------+-------++-------
Melee: Unarmed           |   150 |   287 |   169 ||   606
       Kick              |    18 |    42 |    24 ||    84
       Headbutt          |     5 |       |       ||     5
       Punch             |     2 |     3 |     9 ||    14
 Cast: Beastly Appendage |    10 |    22 |    13 ||    45
       Sticks to Snakes  |       |     2 |    13 ||    15
  Use: Scroll            |       |     3 |    10 ||    13
       Potion            |       |       |     2 ||     2
 Stab: Distracted        |       |       |     1 ||     1
  Eat: Chunk             |     3 |     8 |     8 ||    19
       Beef jerky        |       |       |     1 ||     1
Armor: Robe              |     8 |       |       ||     8
       Ring mail         |    61 |   118 |    63 ||   242
       Skin              |       |       |     1 ||     1
Dodge: Dodged            |    96 |   174 |    95 ||   365
